AoeStats
← [La14]Uvita

Nomad

507847856Analyzed
3v3 RM · 13d ago on Sep 19, 2026· 43m 39s· 6 players
Game mode
Random Map
Map size
210×210
Population
200
Speed
Normal
Resources
Standard
Victory
Conquest
Starting age
Dark Age
Ending age
Imperial Age
RankedLock teamsTeams togetherTeam positionsShared explorationLock speedFull tech treeHidden civsTurbo modeCheats
Victory
Defeat
🇦🇷 Burmese · Argentina
1209
+14
🇦🇷 Ethiopians · Argentina
1174
+15
🇦🇷 Persians · Argentina
1160
+16
🇦🇷 Vietnamese · Argentina
1219
-18
🇦🇷 Magyars · Argentina
1154
-38
🇦🇷 Lithuanians · Argentina
1087
-12
[La14]Uvita
7:13 Loom
14:25 Feudal Age
15:07 Double-Bit Axe
15:04 Horse Collar
16:54 Town Watch
18:07 Gold Mining
19:47 Forging
21:44 Scale Barding Armor
21:53 Bloodlines
24:17 Stone Mining
27:17 Castle Age
26:51 Fletching
37:40 Wheelbarrow
36:47 Elite Skirmisher
37:56 Padded Archer Armor
[La14] Monarca Yupanqui
3:53 Loom
17:31 Feudal Age
19:44 Double-Bit Axe
20:32 Fishing Lines
26:35 Fletching
28:05 Horse Collar
32:51 Forging
37:30 Castle Age
38:22 Bow Saw
38:13 Heavy Plow
38:50 Wheelbarrow
38:18 Bodkin Arrow
[La14]FerMar
13:22 Loom
17:02 Feudal Age
17:40 Double-Bit Axe
18:32 Scale Barding Armor
19:11 Horse Collar
21:55 Wheelbarrow
24:34 Bloodlines
26:52 Castle Age
25:34 Stone Mining
25:36 Gold Mining
27:36 Husbandry
28:40 Bow Saw
28:54 Chain Barding Armor
37:24 Corvinian Army
39:23 Heavy Plow
43:24 Imperial Age
Tony
5:04 Loom
12:23 Feudal Age
29:39 Castle Age
29:30 Wheelbarrow
29:04 Scale Barding Armor
29:55 Forging
31:23 Double-Bit Axe
43:44 Husbandry
43:56 Bloodlines
SalvadorLimones
5:02 Loom
12:53 Feudal Age
13:37 Double-Bit Axe
19:46 Castle Age
19:25 Fletching
19:37 Padded Archer Armor
20:10 Crossbowman
22:13 Bow Saw
24:23 Horse Collar
27:05 Ballistics
27:33 Leather Archer Armor
27:57 Gold Mining
27:57 Stone Mining
29:43 Bodkin Arrow
30:02 Thumb Ring
39:32 Imperial Age
37:40 Wheelbarrow
41:13 Chemistry
40:15 Bracer
39:42 Arbalester
41:15 Ring Archer Armor
43:21 Conscription
AAOE | Cosita44
3:47 Loom
15:19 Feudal Age
19:10 Castle Age
19:21 Town Watch
19:29 Horse Collar
23:45 Wheelbarrow
23:24 Padded Archer Armor
27:04 Fletching
28:40 Fishing Lines
31:57 Husbandry
34:05 Hand Cart
37:35 Horse Collar
41:24 Imperial Age
39:58 Gillnets
41:27 Elite Arambai
42:28 Conscription
Connection lost

Rejoining the realm…

Still unreachable

The connection could not be restored.

Session expired

The server has moved on; the page needs a fresh start.